 Dungeon Crawl Stone Soup version 0.24-a0-487-g57318f2ed0 (webtiles) character file.

Game seed: 13516019033714426307

128 Mithandil the Conjurer (level 4, 24/24 HPs)
             Began as a Deep Elf Conjurer on July 11, 2019.
             Quit the game on level 3 of the Dungeon.
             The game lasted 00:19:31 (2068 turns).

Mithandil the Conjurer (Deep Elf Conjurer)          Turns: 2068, Time: 00:19:32

Health: 24/24      AC:  4    Str:  6    XL:     4   Next: 86%
Magic:  20/21      EV: 13    Int: 20    God:
Gold:   91         SH:  0    Dex: 15    Spells: 1/12 levels left

rFire    . . .     SeeInvis .   a - +0 dagger
rCold    . . .     Gourm    .   (no shield)
rNeg     . . .     Faith    .   k - +0 leather armour
rPois    .         Spirit   .   (no helmet)
rElec    .         Reflect  .   (no cloak)
rCorr    .         Harm     .   (no gloves)
MR       .....                  g - +0 pair of boots
Stlth    ++........             q - amulet of regeneration
HPRegen  0.48/turn              i - ring of magical power
MPRegen  0.17/turn              (no ring)

@: no status effects
A: no striking features
a: no special abilities


You were on level 3 of the Dungeon.
You were not hungry.

You visited 1 branch of the dungeon, and saw 3 of its levels.

You collected 91 gold pieces.

Inventory:

Hand Weapons
 a - a +0 dagger (weapon)
 b - a +0 short sword
Missiles
 m - 28 stones (quivered)
 n - 18 arrows
Armour
 g - a +0 pair of boots (worn)
 k - a +0 leather armour (worn)
 r - a +0 ring mail
Jewellery
 i - a ring of magical power (left hand)
 l - an uncursed ring of ice
 q - an amulet of regeneration (around neck)
Scrolls
 e - a scroll of magic mapping
 f - a scroll of identify
 j - 5 scrolls of remove curse
 p - 2 scrolls of fear
Potions
 d - a potion of heal wounds
 h - 3 potions of curing
 o - a potion of haste {unknown}
 t - a potion of cancellation {unknown}
 u - a potion of ambrosia {unknown}
Comestibles
 c - 9 rations
 s - 4 chunks of flesh


   Skills:
 - Level 1.1 Armour
 + Level 3.3 Dodging
 + Level 3.3 Stealth
 * Level 4.5 Spellcasting
 * Level 5.1 Conjurations


You had one spell level left.
You knew the following spells:

 Your Spells              Type           Power        Failure   Level  Hunger
a - Magic Dart            Conj           ####         2%          1    None
b - Searing Ray           Conj           ####..       3%          2    #......
c - Force Lance           Conj/Tloc      ##......     54%         4    ####...
d - Iskenderun's Mystic   Conj           ####....     22%         4    ####...

Your spell library contained the following spells:

 Spells                   Type           Power        Failure   Level  Hunger
 Dazzling Spray           Conj/Hex       ##....       21%         3    ##.....
 Fulminant Prism          Conj/Hex       ##........   54%         4    ####...


Dungeon Overview and Level Annotations

Branches:
Dungeon (3/15)

Altars:
Nemelex Xobeh
Trog
Zin


Message History

An adder comes into view.
Casting: Magic Dart (safe; 2% risk of failure)
Confirm with . or Enter, or press ? or * to list all spells.
Aiming: Magic Dart (safe; 2% risk of failure)
Press: ? - help, Shift-Dir - straight line, f - adder
Aim: an adder (resting)
The magic dart hits the adder.
The adder is heavily wounded.
The adder hisses angrily.
The adder bites you but does no damage.
Casting: Magic Dart (safe; 2% risk of failure)
Confirm with . or Enter, or press ? or * to list all spells.
Aiming: Magic Dart (safe; 2% risk of failure)
Press: ? - help, Shift-Dir - straight line, f/p - adder
Aim: an adder (heavily wounded)
The magic dart hits the adder.
You kill the adder!
Found a stone staircase leading down.
Unknown command.
Are you sure you want to abandon this character and quit the game? (Confirm with "yes".)

...####.###÷..#<.........,,,,,,,,
..............#.#....#+#*********
.........#.._...#.####,*
.........#............,*
.........#.†#.#.#..###+**** ##
...#........#.#..#.##.....* #.
##.#.######......#.##.....# #.
#,#.,,,,,...#...#.##.)...######.
**'#.,,,,,...#..@...+......#.....
,,,..,,,,....#..##.##......#.....
,,,,,,,,,....+..,#.##......#.....
,,,,,,,,.....##.,#.##......#.....
**+**,,,,,,....>,#.........'.....
**,********+**##,###......##.....
**,* ***,,,,****,* #......##.....
,,,* *,+,,,,,,,,,* #......##.....
**** *,*,,,,***,,* #.#######.....


There were no monsters in sight!

Vanquished Creatures
  5 adders
  An ooze (D:3)
  2 worms (D:2)
  3 dart slugs
  4 leopard geckos
  2 orcs (D:3)
  13 bats
  4 giant cockroaches
  4 goblins
  8 hobgoblins
  3 jackals (D:1)
  2 quokkas (D:2)
  3 frilled lizards
  3 kobolds
  5 rats
62 creatures vanquished.

Notes
Turn   | Place    | Note
-------+----------+-------------------------------------------
     0 | D:1      | Mithandil the Deep Elf Conjurer began the quest for the
                  | Orb.
     0 | D:1      | Reached XP level 1. HP: 10/10 MP: 6/6
   488 | D:1      | Reached XP level 2. HP: 14/15 MP: 8/8
   747 | D:1      | Reached XP level 3. HP: 19/19 MP: 10/10
   751 | D:1      | Learned a level 2 spell: Searing Ray
  1316 | D:2      | Found a sparkling altar of Nemelex Xobeh.
  1451 | D:2      | Reached XP level 4. HP: 24/24 MP: 12/12
  1457 | D:2      | Learned a level 4 spell: Force Lance
  1462 | D:2      | Learned a level 4 spell: Iskenderun's Mystic Blast
  1520 | D:2      | Found a glowing silver altar of Zin.
  1573 | D:2      | Reached skill level 1 in Armour
  1578 | D:2      | Reached skill level 5 in Conjurations
  1925 | D:3      | Found a bloodstained altar of Trog.
  2068 | D:3      | Quit the game

Levels and vault maps discovered:
D:1:      dpeg_arrival_boxes_within_box, layout_basic, minmay_parallelograms
D:2:      layout_rooms, old_standard_altar, nemelex_xobeh_ov_fountains_minmay,
          minmay_pentomino_p4
D:3:      layout_basic, minitemple, old_standard_altar, bloody_trog,
          first_ration

Skill      XL: |  1  2  3  4 |
---------------+-------------+-----
Stealth        | 3 |  3.3
Dodging        | 3 |  3.3
Spellcasting   | 4 |  4.5
Armour         | 1 |  1.1
Conjurations   | 5 |  5.1

Action                   |  1- 3 |  4- 6 || total
-------------------------+-------+-------++-------
 Cast: Magic Dart        |    84 |    49 ||   133
  Use: Scroll            |     1 |     9 ||    10
  Eat: Chunk             |     1 |     2 ||     3
Armor: Leather armour    |    13 |     1 ||    14
Dodge: Dodged            |    25 |       ||    25

Table legend:
 A = Non-vault XP
 B = Vault XP
 C = Vault XP percentage of total XP
 D = Non-vault monster count
 E = Vault monster count
 F = Vault count percentage of total count
                 A         B        C        D         E       F
            +---------+---------+-------+---------+---------+-------
      Total |     178 |       5 |   2.7 |      59 |       3 |   4.8
            +---------+---------+-------+---------+---------+-------
        D:1 |      43 |       0 |   0.0 |      23 |       0 |   0.0
        D:2 |     103 |       5 |   4.6 |      28 |       3 |   9.7
        D:3 |      32 |       0 |   0.0 |       8 |       0 |   0.0
            +---------+---------+-------+---------+---------+-------
